AoeStats
← Marbas

MegaRandom

508274795Analyzed
4v4 RM · 11d ago on Sep 21, 2026· 36m 56s· 8 players
Game mode
Random Map
Map size
Large (8 player)
Population
200
Speed
Normal
Resources
Standard
Victory
Conquest
Starting age
Dark Age
Ending age
Imperial Age
RankedLock teamsTeams togetherTeam positionsShared explorationLock speedFull tech treeHidden civsTurbo modeCheats
Victory
Defeat
🇧🇬 Khmer · Bulgaria
1788
+11
🇷🇺 Britons · Russia
1773
+11
🇮🇳 Ethiopians · India
1752
+12
🇷🇺 Magyars · Russia
1661
+17
🇦🇷 Mongols · Argentina
1869
-20
🇦🇷 Mongols · Argentina
1694
-13
🇦🇷 Magyars · Argentina
1659
-12
🇦🇷 Persians · Argentina
1449
-6
Mr Grueso
9:05 Feudal Age
8:16 Loom
9:44 Double-Bit Axe
10:21 Horse Collar
16:49 Wheelbarrow
17:42 Forging
18:31 Bloodlines
22:42 Castle Age
21:05 Gold Mining
22:27 Town Watch
22:48 Light Cavalry
23:28 Husbandry
23:37 Scale Barding Armor
23:43 Bow Saw
25:41 Heavy Plow
29:48 Chain Barding Armor
~BroKen~
9:25 Loom
11:24 Feudal Age
11:54 Man-at-Arms
20:08 Castle Age
19:46 Wheelbarrow
19:40 Double-Bit Axe
20:50 Wheelbarrow
21:32 Bow Saw
21:34 Fletching
24:24 Padded Archer Armor
26:03 Bodkin Arrow
27:40 Thumb Ring
28:38 Bloodlines
32:21 Hand Cart
34:17 Husbandry
Mr Fino
9:21 Feudal Age
8:18 Loom
9:52 Double-Bit Axe
10:10 Horse Collar
19:03 Scale Barding Armor
19:08 Forging
23:35 Castle Age
21:54 Gold Mining
23:01 Bloodlines
23:38 Light Cavalry
24:19 Husbandry
24:32 Bow Saw
27:03 Fletching
31:00 Chain Barding Armor
31:23 Wheelbarrow
33:09 Bodkin Arrow
[TBArg] kaos_leo
7:07 Loom
9:37 Feudal Age
9:34 Man-at-Arms
14:02 Double-Bit Axe
24:22 Castle Age
23:27 Bloodlines
26:52 Gold Mining
36:20 Scale Barding Armor
36:25 Forging
36:24 Horse Collar
Zni.Locuss
6:46 Loom
9:23 Feudal Age
9:57 Double-Bit Axe
17:46 Wheelbarrow
17:46 Bloodlines
17:42 Horse Collar
23:01 Castle Age
22:33 Scale Barding Armor
23:04 Light Cavalry
23:45 Husbandry
25:31 Chain Barding Armor
30:50 Forging
33:40 Gold Mining
33:41 Stone Mining
34:02 Bow Saw
33:54 Heavy Plow
39:14 Imperial Age
Marbas
7:31 Loom
9:42 Feudal Age
10:24 Double-Bit Axe
11:29 Horse Collar
13:15 Bloodlines
18:05 Scale Barding Armor
20:55 Gold Mining
22:51 Wheelbarrow
25:35 Castle Age
26:32 Light Cavalry
28:11 Bow Saw
29:44 Gold Shaft Mining
31:02 Chain Barding Armor
32:45 Husbandry
33:53 Heavy Plow
33:40 Town Watch
PLEBUSHEK
7:02 Loom
7:17 Loom
9:12 Feudal Age
10:06 Double-Bit Axe
12:48 Fletching
17:30 Padded Archer Armor
20:01 Wheelbarrow
23:06 Castle Age
21:09 Gold Mining
22:48 Padded Archer Armor
23:46 Bodkin Arrow
23:12 Crossbowman
24:03 Bow Saw
24:15 Horse Collar
25:08 Ballistics
28:37 Town Watch
29:07 Hand Cart
29:37 Leather Archer Armor
37:56 Imperial Age
Zni.Kark01
5:46 Loom
14:16 Feudal Age
15:05 Double-Bit Axe
15:00 Horse Collar
15:14 Gold Mining
16:31 Fletching
21:19 Padded Archer Armor
22:21 Town Watch
25:15 Castle Age
25:18 Crossbowman
26:15 Bodkin Arrow
26:06 Horse Collar
32:37 Leather Archer Armor
Connection lost

Rejoining the realm…

Still unreachable

The connection could not be restored.

Session expired

The server has moved on; the page needs a fresh start.